 Dungeon Crawl Stone Soup version 0.14-a0-2986-gd1872aa (webtiles) character file.

553 Kae the Ruinous (level 6, -5/32 HPs)
             Began as a Tengu Fire Elementalist on Mar 6, 2014.
             Was a Believer of Vehumet.
             Killed from afar by an orc wizard (12 damage)
             ... with a magic dart
             ... on Level 4 of the Dungeon.
             The game lasted 00:07:39 (5199 turns).

Kae the Ruinous (Tengu Fire Elementalist)           Turns: 5199, Time: 00:07:40

HP  -5/32        AC  3     Str  8      XL: 6   Next: 93%
MP  12/15        EV 15     Int 17      God: Vehumet [**....]
Gold 136         SH  0     Dex 15      Spells:  5 memorised,  1 level left

rFire  . . .     SeeInvis .     b - +1,+2 dagger (speed)
rCold  . . .     Clarity  .     C - +0 robe
rNeg   . . .     Conserve .     (no shield)
rPois  .         rCorr    .     (helmet restricted)
rElec  .         rRot     .     (no cloak)
SustAb . .       Spirit   .     s - +0 pair of gloves
rMut   .         Warding  .     (boots unavailable)
Saprov . . .     Stasis   .     (no amulet)
MR     .....                    (no ring)
                                (no ring)

@: flying, quick, not resistant to hostile enchantments, fairly stealthy
A: able to fly, beak, talons 3
a: Renounce Religion


You were on level 4 of the Dungeon.
You worshipped Vehumet.
Vehumet was pleased with you.
You were not hungry.

You visited 1 branch of the dungeon, and saw 4 of its levels.

You collected 136 gold pieces.

Inventory:

Hand weapons
 a - a +2,+2 spear of dragon slaying
 b - a +1,+2 dagger of speed (weapon)
 E - a +2,+0 dagger
Missiles
 z - 22 darts
 B - a throwing net [torn] (quivered)
 F - a tomahawk
Armour
 s - a +0 pair of gloves (worn)
 C - a +0 robe (worn)
Magical devices
 r - a wand of digging (17) {unknown}
 A - a wand of slowing (10) {unknown}
Comestibles
 c - 2 bread rations
 D - an orange
 G - a choko
 H - an apple
 J - a rotting chunk of hobgoblin flesh
 K - a pear
 L - a sausage
Scrolls
 e - 3 scrolls of remove curse {unknown}
 j - 2 scrolls of blinking {unknown}
 l - 3 scrolls of identify {unknown}
 m - a scroll of amnesia {unknown}
 o - a scroll of fog {unknown}
 v - a scroll of immolation {unknown}
 w - a scroll of recharging {unknown}
 x - 2 scrolls of enchant weapon I {unknown}
Jewellery
 y - an uncursed amulet of the gourmand {unknown}
Potions
 d - 2 potions of heal wounds {unknown}
 f - a potion of cure mutation
 h - 3 potions of speed {unknown}
 i - 5 potions of magic {unknown}
 k - a potion of curing {unknown}
 n - 2 potions of confusion {unknown}
 p - a potion of restore abilities {unknown}
 q - a potion of poison {unknown}
 t - a potion of resistance {unknown}
 u - a potion of paralysis {unknown}
 I - a potion of brilliance {unknown}
Books
 g - a book of Flames

   Spells                             Type                      Level
   *Flame Tongue                      Conjuration/Fire             1
   *Throw Flame                       Conjuration/Fire             2
   *Conjure Flame                     Conjuration/Fire             3
   *Inner Flame                       Hexes/Fire                   3
   Sticky Flame                       Conjuration/Fire             4
   Fireball                           Conjuration/Fire             5


   Skills:
 - Level 2.1 Dodging
 - Level 2.0 Stealth
 + Level 3.2 Spellcasting
 * Level 6.2 Conjurations
 * Level 5.5 Fire Magic


You had one spell level left.
You knew the following spells:

 Your Spells              Type           Power        Failure   Level  Hunger
a - Flame Tongue          Conj/Fire      ###..        1%          1    None
b - Throw Flame           Conj/Fire      ###...       2%          2    ##.....
c - Conjure Flame         Conj/Fire      ###.....     6%          3    ###....
d - Inner Flame           Hex/Fire       ##......     17%         3    ###....
e - Magic Dart            Conj           ###.         1%          1    None


Dungeon Overview and Level Annotations

Branches:
Dungeon (4/16)
 Temple: D:4-7

Altars:
Fedhas
Sif Muna
Trog
Vehumet
The Shining One

Annotations:
D:3 Sigmund


Innate Abilities, Weirdness & Mutations

You can fly.
You have a beak for a mouth.
You have claws for feet.


Message History

The orc wizard seems to speed up.
Things that are here:
13 arrows of flame; a scroll labeled YROULL WAXICWE The orc curses noisily.
The orc wizard mumbles some strange words.
The orc wizard blinks!
The orc priest invokes the aid of Beogh against you.
Something smites you!
There is an open door here.
Use which ability? (? or * to list)
You swoop lightly up into the air.
You feel somewhat more hungry.
The orc priest invokes the aid of Beogh against you.
Something smites you!
* * * LOW HITPOINT WARNING * * *
You see here a club.
Drink which item? (? for menu, Esc to quit)
It has a very clean taste.
It was a potion of cure mutation.
The orc wizard casts a spell at you. The magic dart hits you!
You die...

#...#
#........
###.#
#........
#.#
#........
#.#
#........
#.#
#........
#.#
#....)...
#.#
#########
#.# # #@# #
#o# # #)#
#o#
####o######
#..oo.....#
#.<.Z.....#
#.o.......#
#...oo....#


You could see an orc priest, an orc wizard, 5 orcs and an ogre zombie.

Vanquished Creatures
  An ogre (D:4)
  A giant frog (D:4)
  A scorpion (D:4)
  A worker ant (D:4)
  5 adders
  7 gnolls
  A worm (D:2)
  A giant eyeball (D:3)
  8 orcs (D:4)
  A ball python (D:1)
  2 giant cockroaches
  14 goblins
  16 hobgoblins
  8 jackals
  8 kobolds
  5 bats
  3 giant geckos
  4 giant newts
  4 rats
91 creatures vanquished.

Notes
Turn   | Place    | Note
--------------------------------------------------------------
     0 | D:1      | Kae, the Tengu Fire Elementalist, began the quest for the Orb.
     0 | D:1      | Reached XP level 1. HP: 10/10 MP: 3/3
   735 | D:1      | Reached XP level 2. HP: 7/15 MP: 1/5
  1853 | D:2      | Reached XP level 3. HP: 15/19 MP: 2/7
  2675 | D:3      | Found a radiant altar of Vehumet.
  2684 | D:3      | Became a worshipper of Vehumet
  2753 | D:3      | Reached XP level 4. HP: 24/24 MP: 5/8
  2757 | D:3      | Learned a level 2 spell: Throw Flame
  2761 | D:3      | Learned a level 3 spell: Conjure Flame
  2789 | D:3      | Noticed Sigmund
  2824 | D:3      | Reached skill level 4 in Conjurations
  2969 | D:3      | Found a blossoming altar of Fedhas.
  2969 | D:3      | Found a deep blue altar of Sif Muna.
  2970 | D:3      | Found a glowing golden altar of the Shining One.
  3570 | D:4      | Reached XP level 5. HP: 21/28 MP: 4/11
  3793 | D:4      | Noticed a giant frog
  3798 | D:4      | Killed a giant frog
  3798 | D:4      | Reached skill level 5 in Conjurations
  4123 | D:4      | Reached XP level 6. HP: 32/32 MP: 1/13
  4243 | D:4      | Acquired Vehumet's first power
  4243 | D:4      | Offered knowledge of Magic Dart by Vehumet.
  4257 | D:4      | Learned a level 3 spell: Inner Flame
  4259 | D:4      | Learned a level 1 spell: Magic Dart
  4577 | D:4      | Found a bloodstained altar of Trog.
  4578 | D:4      | Reached skill level 5 in Fire Magic
  4582 | D:4      | Noticed an ogre
  4594 | D:4      | Killed an ogre
  4757 | D:4      | Reached skill level 6 in Conjurations
  4856 | D:4      | Offered knowledge of Sandblast by Vehumet.
  5199 | D:4      | Killed from afar by an orc wizard

Action                   |  1- 3 |  4- 6 || total
-------------------------+-------+-------++-------
Melee: Dagger            |    58 |    10 ||    68
       Spear             |       |    36 ||    36
Throw: Dart              |       |     6 ||     6
       Throwing net      |       |     1 ||     1
 Cast: Flame Tongue      |    21 |   110 ||   131
       Conjure Flame     |       |     5 ||     5
       Throw Flame       |       |    10 ||    10
 Abil: Fly               |       |     2 ||     2
  Use: Potion            |       |     1 ||     1
 Stab: Sleeping          |     3 |     1 ||     4
